 Dungeon Crawl Stone Soup version 0.30-a0-393-g54b8e3be05 (webtiles) character file.

Game seed: 527143999618442725

23776 funkygono the Arsonist (level 12, -3/85 HPs)
             Began as a Demonspawn Fire Elementalist on Dec 5, 2022.
             Was a Believer of Vehumet.
             Slain by a boulder beetle (40 damage)
             ... on level 12 of the Dungeon.
             The game lasted 00:22:51 (11282 turns).

funkygono the Arsonist (DsFE)                      Turns: 11282, Time: 00:22:52

Health: -3/85      AC: 19    Str:  8    XL:     12   Next: 74%
Magic:  27/27      EV: 13    Int: 22    God:    Vehumet [**....]
Gold:   866        SH:  5    Dex: 20    Spells: 20/33 levels left

rFire   . . .      SeeInvis .    Q - +9 quarterstaff
rCold   + . .      Faith    .    (shield currently unavailable)
rNeg    . . .      Spirit   .    F - +2 acid dragon scales
rPois   .          Reflect  +    A - +1 helmet
rElec   .          Harm     .    s - +1 cloak
rCorr   +          Rampage  .    m - +1 pair of gloves
Will    .....                    l - +1 pair of boots
Stlth   ++........               G - amulet of reflection
HPRegen 0.34/turn                f - ring of protection from cold
MPRegen 0.40/turn                y - +6 ring of dexterity

@: no status effects
A: rugged brown scales 2, demonic guardian 1, magic regeneration, demonic touch
1
a: Renounce Religion


You were on level 12 of the Dungeon.
You worshipped Vehumet.
Vehumet was pleased with you.
You visited 2 branches of the dungeon, and saw 13 of its levels.
You also visited: Ossuary.

You collected 866 gold pieces.

Inventory:

Hand Weapons
 e - a +0 short sword
 h - a +3 whip
 r - a +3 quarterstaff of chaos
 K - a +8 flail
 Q - a +9 quarterstaff (weapon)
Missiles
 v - a throwing net
Armour
 a - a +0 robe
 l - a +1 pair of boots (worn)
 m - a +1 pair of gloves (worn)
 s - a +1 cloak (worn)
 A - a +1 helmet (worn)
 F - +2 acid dragon scales (worn)
 L - a +4 chain mail
Magical Staves
 q - a staff of fire
 B - a staff of earth
Jewellery
 f - a ring of protection from cold (left hand)
 o - an amulet of the acrobat
 y - a +6 ring of dexterity (right hand)
 G - an amulet of reflection (around neck)
 P - a ring of positive energy
Wands
 k - a wand of quicksilver (3)
 u - a wand of flame (4)
 D - a wand of roots (3)
 E - a wand of digging (2)
 J - a wand of mindburst (12)
 O - a wand of paralysis (1)
Scrolls
 c - 7 scrolls of teleportation
 g - 2 scrolls of magic mapping
 t - a scroll of amnesia
 N - a scroll of fear
 R - a scroll of poison
Potions
 b - 3 potions of magic
 d - 6 potions of curing
 i - 3 potions of flight
 j - a potion of ambrosia
 n - a potion of resistance
 p - a potion of cancellation
 w - 10 potions of lignification
 x - 7 potions of attraction
 z - 2 potions of mutation
 H - a potion of might
 I - a potion of brilliance {unknown}


   Skills:
 + Level 3.4 Fighting
 + Level 2.7 Staves
 + Level 4.0 Armour
 + Level 4.1 Dodging
 - Level 1.7 Stealth
 + Level 1.3 Shields
 + Level 11.2 Spellcasting
 + Level 8.3 Conjurations
 + Level 11.5 Fire Magic
 + Level 0.1 Earth Magic
 + Level 0.9 Evocations


You had 20 spell levels left.
You knew the following spells:

 Your Spells              Type           Power      Damage    Failure   Level
a - Foxfire               Conj/Fire      100%       2x1d9     1%          1
b - Scorch                Fire           100%       2d10      1%          2
c - Kindle Blastsparks    Fire/Tloc/Air  58%        2d14      5%          3
d - Flame Wave            Conj/Fire      54%        2d13      1%          4
e - Sandblast             Erth           26%        2d8       9%          1
f - Momentum Strike       Conj/Tloc      60%        3d9       2%          2

Your spell library contained the following spells:

 Spells                   Type           Power      Damage    Failure   Level
 Inner Flame              Hex/Fire       37%        N/A       2%          3
 Beastly Appendage        Tmut           24%        N/A       9%          1
 Slow                     Hex            48%        N/A       9%          1
 Mephitic Cloud           Conj/Pois/Air  24%        N/A       9%          3
 Cigotuvi's Dreadful Rot  Necr/Pois/Air  24%        N/A       14%         2
 Poisonous Vapours        Pois/Air       24%        N/A       14%         2
 Wereblood                Tmut           12%        N/A       14%         2
 Confusing Touch          Hex            12%        N/A       26%         3
 Frozen Ramparts          Ice            24%        1d4       26%         3
 Spider Form              Tmut/Pois      12%        N/A       26%         3
 Vampiric Draining        Necr           12%        2d6       26%         3
 Ice Form                 Ice/Tmut       12%        N/A       65%         4
 Summon Ice Beast         Ice/Summ       12%        N/A       65%         4


Dungeon Overview and Level Annotations

Branches:
Dungeon (12/15)            Temple (1/1) D:4            Lair (0/5) D:11
    Orc (0/2) D:10        Ossuary (visited)

Altars:
Ashenzari
Cheibriados
Dithmenos
Fedhas
Gozag
Hepliaklqana
Kikubaaqudgha
Makhleb
Nemelex Xobeh
Okawaru
Qazlal
Ru
Sif Muna
Trog
Uskayaw
Vehumet
Wu Jian
Xom
Yredelemnul

Shops:
D:3 (   D:11 (

Annotations:
D:1 1 transporter
D:11 1 runed translucent door, Jaakounette's ghost, journeyman SpBr


Innate Abilities, Weirdness & Mutations

You are mostly covered in rugged brown scales. (AC +2, +5% HP)
A weak demonic guardian rushes to your aid.
You regenerate magic rapidly.
Your touch may inflict minor irresistible damage on your foes.


Message History

Magic restored.
A boulder beetle is nearby!
You cannot move.
Unknown command.
You feel better.
You are no longer robbed of momentum.
You feel better.
The boulder beetle leaps!
Unknown command.
Your shadow imp hits the boulder beetle but does no damage.
The boulder beetle leaps!
The boulder beetle curls into a ball and begins rolling!
Your shadow imp barely misses the boulder beetle.
The boulder beetle barely misses your shadow imp.
The boulder beetle stops rolling and uncurls.
Your shadow imp hits the boulder beetle but does no damage.
The boulder beetle bites your shadow imp but does no damage.
Your shadow imp hits the boulder beetle.
The boulder beetle bites your shadow imp!
Your shadow imp completely misses the boulder beetle.
The boulder beetle leaps!
A boulder beetle is nearby!
Aiming: Fastroot
Press: ? - help, Shift-Dir - straight line, f/p - boulder beetle
Aim: a boulder beetle (severely wounded, rolling, not watching you, ally target)
The roots erupt in riotous growth!
Roots grab the boulder beetle.
The grasping roots constrict the boulder beetle.
Your shadow imp disappears in a puff of smoke!
The boulder beetle struggles to escape constriction.
The boulder beetle escapes!
Aiming: Quicksilver Bolt
Press: ? - help, Shift-Dir - straight line, f/p - boulder beetle
Aim: a boulder beetle (severely wounded, rolling, 100% to hit)
The bolt of dispelling energy hits the boulder beetle.
The boulder beetle is almost dead.
Aiming: Mindburst
Press: ? - help, Shift-Dir - straight line, f/p - boulder beetle
Aim: a boulder beetle (severely wounded, rolling, chance to affect: 51%)
The boulder beetle's mind is blasted!
The boulder beetle hits you!!!
You die...

##########################
................@B○.°.....
............##.....##....#
<##.........##.....# ..#
......###..........# #
.....................
#########'############
........# ........#
........#


You could see a boulder beetle (rolling).

Vanquished Creatures
  A two-headed ogre (D:9)
  An ogre mage (D:10)
  A boulder beetle (D:9)
  A skeletal warrior (D:10)
  2 ugly things
  Joseph (D:8)
  Psyche (D:8)
  Maggie (D:7)
  2 gargoyles
  2 komodo dragons (D:11)
  An unseen horror (D:10)
  3 trolls
  7 hornets
  Prince Ribbit (D:9)
  2 wyverns
  A shadow (D:11)
  8 yaks
  2 steam dragons
  Menkaure (D:7)
  2 floating eyes (D:10)
  4 orc warriors
  2 black bears
  An ogre (D:6)
  2 centaurs
  A phantom (D:4)
  4 bullfrogs
  3 kobold brigands
  2 necrophages
  4 scorpions
  A gnoll sergeant (D:9)
  3 wights (D:6)
  4 water moccasin zombies (Ossuary)
  6 killer bees (D:8)
  5 howler monkeys
  A hound (D:5)
  4 jellies
  6 orc priests
  Crazy Yiuf (D:2)
  A gnoll bouda (D:7)
  An iron imp (D:11)
  Natasha (thrice) (D:2)
  An iguana (D:4)
  8 orc wizards
  2 mummies (Ossuary)
  12 gnolls
  6 adders
  A white imp (D:3)
  5 adder zombies (Ossuary)
  A worm (D:4)
  2 dart slugs
  28 orcs
  4 ball pythons
  8 endoplasms
  4 giant cockroaches
  5 gnoll zombies (Ossuary)
  6 goblins
  3 hobgoblins
  3 jackals (D:4)
  17 kobolds
  A quokka (D:1)
  A bat (D:1)
  6 frilled lizards
  2 hobgoblin zombies (Ossuary)
  5 kobold zombies (Ossuary)
  3 orc zombies (Ossuary)
  7 rats
241 creatures vanquished.

Vanquished Creatures (others)
  816 foxfires
  7 fungi
  4 plants (D:11)
827 creatures vanquished.

Grand Total: 1068 creatures vanquished

Notes
Turn   | Place    | Note
-------+----------+-------------------------------------------
     0 | D:1      | funkygono the Demonspawn Fire Elementalist began the quest
                  | for the Orb.
     0 | D:1      | Reached XP level 1. HP: 13/13 MP: 3/3
   180 | D:1      | Gained mutation: You are partially covered in rugged brown
                  | scales. (AC +1, +3% HP) [demonic ancestry]
   180 | D:1      | Reached XP level 2. HP: 13/19 MP: 1/5
   596 | D:1      | Found a faded altar of an unknown god.
   838 | D:1      | Learned a level 2 spell: Scorch
   985 | D:2      | Reached XP level 3. HP: 24/24 MP: 3/6
   989 | D:2      | Learned a level 3 spell: Kindle Blastsparks
  1130 | D:2      | Noticed Natasha
  1134 | D:2      | Killed Natasha
  1402 | D:2      | Gained mutation: Your touch may inflict minor irresistible
                  | damage on your foes. [demonic ancestry]
  1402 | D:2      | Reached XP level 4. HP: 30/30 MP: 5/7
  1554 | D:2      | Noticed Natasha
  1557 | D:2      | Killed Natasha
  1980 | D:2      | Noticed Natasha
  1986 | D:2      | Killed Natasha
  2096 | D:2      | Found a runed translucent door.
  2097 | D:2      | Noticed Crazy Yiuf
  2104 | D:2      | Killed Crazy Yiuf
  2105 | D:2      | Reached XP level 5. HP: 23/36 MP: 0/9
  2233 | D:2      | Learned a level 4 spell: Flame Wave
  2601 | D:3      | Found Qontetoo's Weapon Shop.
  3124 | D:3      | Reached XP level 6. HP: 42/42 MP: 1/11
  3574 | D:4      | Reached skill level 5 in Fire Magic
  3746 | D:4      | Found a staircase to the Ecumenical Temple.
  3971 | D:4      | Gained mutation: You regenerate magic rapidly. [demonic
                  | ancestry]
  3971 | D:4      | Reached XP level 7. HP: 31/47 MP: 1/13
  4483 | D:4      | You fall into a shaft and drop 1 floor!
  4483 | D:5      | Entered Level 5 of the Dungeon
  4607 | D:5      | Found a sand-covered staircase.
  4612 | Ossuary  | Entered an ossuary
  4753 | Ossuary  | Reached skill level 5 in Spellcasting
  5326 | D:5      | Gained mutation: You are mostly covered in rugged brown
                  | scales. (AC +2, +5% HP) [demonic ancestry]
  5326 | D:5      | Reached XP level 8. HP: 48/55 MP: 13/16
  5513 | D:5      | Identified the +2 pair of gloves "Tabu" {rN+++}
  5707 | D:6      | Found a sparkling altar of Nemelex Xobeh.
  5723 | D:6      | Identified the +6 sling "Huuxiheu" {flame, Dex+4}
  6003 | D:6      | Found a sacrificial altar of Ru.
  6259 | D:6      | Found a broken altar of Ashenzari.
  6454 | D:7      | Noticed Menkaure
  6501 | D:7      | Killed Menkaure
  6502 | D:7      | Reached XP level 9. HP: 60/60 MP: 15/19
  6694 | D:7      | Noticed Maggie
  6710 | D:7      | Killed Maggie
  6806 | D:7      | Found an ornate altar of the Wu Jian Council.
  7130 | Temple   | Entered the Ecumenical Temple
  7135 | Temple   | Became a worshipper of Vehumet
  7252 | D:8      | Found a shadowy altar of Dithmenos.
  7312 | D:8      | Noticed Psyche
  7319 | D:8      | Killed Psyche
  7320 | D:8      | Reached skill level 5 in Conjurations
  7578 | D:8      | Noticed Joseph
  7761 | D:8      | Killed Joseph
  7762 | D:8      | Reached XP level 10. HP: 36/67 MP: 12/22
  8122 | D:9      | Reached skill level 1 in Fighting
  8122 | D:9      | Reached skill level 1 in Armour
  8225 | D:9      | Noticed a boulder beetle
  8284 | D:9      | Killed a boulder beetle
  8293 | D:9      | Noticed a two-headed ogre
  8301 | D:9      | Killed a two-headed ogre
  8302 | D:9      | Reached skill level 10 in Fire Magic
  8333 | D:9      | Reached * piety under Vehumet
  8333 | D:9      | Offered knowledge of Sandblast by Vehumet.
  8337 | D:9      | Learned a level 1 spell: Sandblast
  8382 | D:9      | Noticed Prince Ribbit
  8386 | D:9      | Killed Prince Ribbit
  8882 | D:10     | Entered Level 10 of the Dungeon
  8882 | D:10     | Found a staircase to the Orcish Mines.
  8940 | D:10     | Reached skill level 1 in Staves
  9034 | D:10     | Noticed a purple ugly thing
  9047 | D:10     | Killed a purple ugly thing
  9048 | D:10     | Reached skill level 1 in Shields
  9048 | D:10     | Reached XP level 11. HP: 75/75 MP: 22/24
  9092 | D:10     | Noticed an ogre mage
  9098 | D:10     | Killed an ogre mage
  9099 | D:10     | Reached skill level 10 in Spellcasting
  9102 | D:10     | Paralysed by a hornet for 1 turns
  9184 | D:10     | Noticed a skeletal warrior
  9200 | D:10     | Killed a skeletal warrior
  9581 | D:10     | Found a blossoming altar of Fedhas.
  9831 | D:10     | Found a faded altar of an unknown god.
  9833 | D:10     | Found a hazy altar of Hepliaklqana.
 10008 | D:11     | Noticed a brown ugly thing
 10016 | D:11     | Killed a brown ugly thing
 10078 | D:11     | Offered knowledge of Momentum Strike by Vehumet.
 10082 | D:11     | Reached ** piety under Vehumet
 10436 | D:11     | Found a staircase to the Lair.
 10515 | D:11     | Found Kecudug's Weapon Shop.
 10798 | D:11     | Found a runed translucent door.
 10799 | D:11     | Noticed Jaakounette's ghost (journeyman SpBr)
 10805 | D:11     | Identified the +6 spear of Cowardice {pain, rCorr Str+3}
 10807 | D:11     | Noticed a spriggan rider
 10922 | D:11     | Found a snail-covered altar of Cheibriados.
 11134 | D:11     | Gained mutation: A weak demonic guardian rushes to your
                  | aid. [demonic ancestry]
 11134 | D:11     | Reached XP level 12. HP: 85/85 MP: 25/27
 11144 | D:11     | Learned a level 2 spell: Momentum Strike
 11202 | D:12     | Noticed a boulder beetle
 11282 | D:12     | Slain by a boulder beetle

Illustrated notes

Levels and vault maps discovered:
D:1:      spicycebolla_arrival_risky_transporter, layout_basic,
          basic_ecumenical_altar
D:2:      layout_rooms, uniq_natasha, uniq_crazy_yiuf_cottage
D:3:      layout_loops_ring, serial_shops, nicolae_diamond_shop,
          kennysheep_generic_room_9
D:4:      layout_basic, temple_doors_e
D:5:      layout_rooms, enter_ossuary_2
D:6:      layout_gridville, minitemple, hangedman_feature_mirror
D:7:      nicolae_BIG_FREAKIN_CUBE, layout_rooms,
          mainiacjoe_overflow_six_doors_small, uniq_maggie, uniq_menkaure
D:8:      layout_rooms, nicolae_dithmenos_the_darkroom, uniq_psyche, uniq_joseph
D:9:      layout_basic, uniq_prince_ribbit1
D:10:     hellmonk_paralyzer, layout_long_grid, nicolae_overflow_hidden_temple,
          fedhas_altar_2, beargit_hepliaklqana_dungeon_heroes,
          dreamdust_princess_bridge
D:11:     layout_roguey, grunt_lair_entry_orc_guard_hut, serial_shops, shop,
          ebering_ghost_funeral_grove, slow_altar_1
D:12:     layout_stronghold, hangedman_tell_no_tales
Temple:   minmay_freezing_vapour_temple

Skill      XL: |  1  2  3  4  5  6  7  8  9 10 11 |
---------------+----------------------------------+-----
Fire Magic     | 3 4 5 6 7 9 10 11 | 11.5
Spellcasting   | 3 4 5 6 8 9 11 | 11.2
Conjurations   | 2 3 4 5 6 8 |  8.3
Dodging        | 2 4 |  4.1
Fighting       | 1 3 |  3.4
Armour         | 2 4 |  4.0
Staves         | 1 2 |  2.7
Shields        | 1 |  1.3
Stealth        | |  1.7
Earth Magic    | |  0.1
Evocations     | |  0.9

Action                   |  1- 3 |  4- 6 |  7- 9 | 10-12 || total
-------------------------+-------+-------+-------+-------++-------
Melee: Touch             |       |     2 |     1 |     4 ||     7
       Whip              |       |     2 |       |       ||     2
       Staff             |       |     1 |     3 |     7 ||    11
       Punch             |       |       |       |     1 ||     1
       Quarterstaff      |       |       |       |    32 ||    32
 Cast: Foxfire           |    46 |    78 |   199 |   142 ||   465
       Scorch            |     2 |    22 |    76 |    53 ||   153
       Flame Wave        |       |       |     1 |    18 ||    19
       Sandblast         |       |       |       |     8 ||     8
       Kindle Blastspark |       |       |       |     1 ||     1
       Momentum Strike   |       |       |       |     3 ||     3
Evoke: Wand              |       |       |       |    12 ||    12
  Use: Scroll            |       |     9 |    13 |     5 ||    27
       Potion            |       |       |     2 |     3 ||     5
Armor: Robe              |     1 |       |    23 |       ||    24
       Acid dragon scale |       |       |    12 |    61 ||    73
Dodge: Dodged            |     2 |     8 |    58 |    50 ||   118
Block: Other             |       |       |     7 |    26 ||    33
       Reflection        |       |       |     2 |       ||     2

Table legend: (Time is in decaauts)
 A = Elapsed time spent in this place.
 B = Non-inter-level travel time spent in this place.
 C = Inter-level travel time spent in this place.
 D = Time resting spent in this place.
 E = Time spent auto-exploring this place.
 F = Levels seen in this place.
 G = Mean time per level.
                   A        B        C        D        E       F      G
               +--------+--------+--------+--------+--------+-----+--------+
         Total |  11311 |  10994 |    317 |    547 |   8464 |  14 |  807.9 |
       Dungeon |  10832 |  10521 |    311 |    441 |   8211 |  12 |  902.7 |
        Temple |     26 |     21 |      5 |      0 |     16 |   1 |   26.0 |
       Ossuary |    452 |    452 |      0 |    106 |    237 |   1 |  452.0 |
               +--------+--------+--------+--------+--------+-----+--------+

Top non-repeatable levels by time:
     D:3: 1315 daAuts
     D:2: 1295 daAuts
    D:11: 1181 daAuts
    D:10: 1114 daAuts
     D:4: 1096 daAuts
     D:1: 950 daAuts
     D:6: 830 daAuts
     D:9: 829 daAuts
     D:7: 801 daAuts
     D:8: 693 daAuts
     D:5: 611 daAuts
 Ossuary: 452 daAuts
    D:12: 111 daAuts
  Temple: 26 daAuts
